 Dungeon Crawl Stone Soup version 0.26-b1-32-g5d43845318 (webtiles) character file.

Game seed: 1875268457970439077

1157 dohliylev the Covert (level 8, 0/42 HPs)
             Began as a Vampire Enchanter on Jan 9, 2021.
             Was an Initiate of Nemelex Xobeh.
             Slain by an ice beast (3 damage)
             ... on level 5 of the Dungeon.
             The game lasted 00:16:14 (5255 turns).

dohliylev the Covert (Vampire Enchanter)            Turns: 5255, Time: 00:16:14

Health: 0/42       AC: 10    Str:  7    XL:     8   Next: 16%
Magic:  11/11      EV: 13    Int: 20    God:    Nemelex Xobeh [......]
Gold:   268        SH:  0    Dex: 14    Spells: 5/11 levels left

rFire    . . .     SeeInvis +   v - +1 dagger (speed)
rCold    + + .     Faith    .   (no shield)
rNeg     + + +     Spirit   .   b - +0 robe
rPois    ∞         Reflect  .   p - +0 helmet
rElec    .         Harm     .   r - +1 cloak
rCorr    .         Rampage  .   y - +0 pair of gloves
Will     .....                  (no boots)
Stlth    ++++++++..             (no amulet)
HPRegen  0.00/turn              k - +4 ring of protection
MPRegen  0.12/turn              (no ring)

@: bloodless
A: fangs 3, see invisible, unbreathing
a: Bat Form, Revivify, Renounce Religion, Draw Escape, Draw Destruction, Draw
Summoning


You were on level 5 of the Dungeon.
You worshipped Nemelex Xobeh.
Nemelex Xobeh was noncommittal.
You visited 1 branch of the dungeon, and saw 5 of its levels.

You collected 268 gold pieces.

Inventory:

Hand Weapons
 v - a +1 dagger of speed (weapon)
Armour
 b - a +0 robe (worn)
 p - a +0 helmet (worn)
 r - a +1 cloak (worn)
 y - a +0 pair of gloves (worn)
Jewellery
 k - a +4 ring of protection (left hand)
 t - an uncursed amulet of faith {unknown}
Wands
 u - a wand of flame (14)
Scrolls
 f - 2 scrolls of immolation {unknown}
 g - 4 scrolls of teleportation {unknown}
 i - 3 scrolls of identify {unknown}
 j - a scroll of noise {unknown}
 l - a scroll of amnesia {unknown}
 m - a scroll of enchant weapon {unknown}
 o - 4 scrolls of remove curse {unknown}
 q - a scroll of random uselessness {unknown}
 s - a scroll of magic mapping {unknown}
 w - a scroll of enchant armour {unknown}
 x - a scroll of fog {unknown}
Potions
 a - a potion of heal wounds
 c - 3 potions of might {unknown}
 d - 6 potions of flight {unknown}
 e - 2 potions of curing {unknown}
 h - 2 potions of invisibility {unknown}
 n - 5 potions of haste
 z - a potion of degeneration {unknown}
 A - a potion of brilliance {unknown}


   Skills:
 - Level 0.6 Fighting
 - Level 2.2 Short Blades
 - Level 2.6 Dodging
 + Level 13.9 Stealth
 - Level 2.2 Spellcasting
 - Level 5.2 Hexes
 - Level 0.1 Ice Magic


You had 5 spell levels left.
You knew the following spells:

 Your Spells              Type           Power        Failure   Level
a - Corona                Hex            25%          1%          1
b - Ensorcelled Hibernat  Hex/Ice        26%          8%          2
c - Confusing Touch       Hex            23%          5%          3

Your spell library contained the following spells:

 Spells                   Type           Power        Failure   Level
 Tukima's Dance           Hex            23%          5%          3
 Dazzling Flash           Conj/Hex       24%          16%         3
 Passwall                 Tmut/Erth      1%           24%         2
 Swiftness                Air            2%           24%         2
 Passage of Golubria      Tloc           N/A          83%         4
 Lee's Rapid Deconstruct  Erth           1%           99%         5
 Invisibility             Hex            23%          95%         6


Dungeon Overview and Level Annotations

Branches:
Dungeon (5/15)
 Temple: D:4-7

Altars:
Ashenzari
Gozag
Nemelex Xobeh
Okawaru
Xom


Innate Abilities, Weirdness & Mutations

You do not regenerate when monsters are visible.
You are frail without blood (-20% HP).
You can heal yourself when you bite living creatures.
You are immune to poison.
You have razor-sharp teeth.
You have supernaturally acute eyesight. (SInv)
You can survive without breathing.


Message History

* * * LOW HITPOINT WARNING * * *
The ice beast freezes you. You resist.
* * * LOW HITPOINT WARNING * * *
You hit the ice beast but do no damage.
The ice beast is almost dead.
The white imp shouts, "Back with thee, thou warped unchin-snouted bounder!"
You barely miss the ice beast.
The ice beast is almost dead.
The ice beast barely misses you.
You hit the ice beast.
The ice beast is almost dead.
You closely miss the ice beast.
The ice beast is almost dead.
The ice beast barely misses you.
There is a stone staircase leading up here.
The ice beast hits you.
* * * LOW HITPOINT WARNING * * *
The ice beast freezes you. You resist.
You die...
Your body disappears without a glow.

####.# .# # ##....# .#
# ####..#####.# ###
#....#......# ..#####
#....#......#
#.....#####...##......#
........†.....##......#
........##....##......#
........###...5Y@.....#
........# #...##).....#
†.....).# #...##......#
........# ######......#
........# #......#
........# ########
....)...# ........#
........#


You could see an ice beast and a white imp.

Vanquished Creatures
  An ice beast (D:5)
  A phantom (D:3)
  The ghost of Raspi the Chopper, an amateur PaFi (D:3)
  A sky beast (D:4)
  A necrophage (D:5)
  3 ogres
  A howler monkey (D:2)
  A centaur skeleton (D:4)
  2 orc wizards (D:3)
  Natasha (thrice) (D:2)
  A worker ant (D:4)
  Robin (D:2)
  9 adders
  A gnoll (D:1)
  An ufetubus (D:5)
  3 oozes
  A worm (D:4)
  2 dart slugs
  3 leopard geckos
  6 orcs
  5 giant cockroaches
  17 goblins
  14 hobgoblins
  4 jackals
  A quokka (D:3)
  3 ball pythons
  16 bats
  5 frilled lizards
  7 kobolds
  9 rats
124 creatures vanquished.

Vanquished Creatures (others)
  An orc wizard (D:5)
  A bat (D:2)
  33 plants (D:3)
35 creatures vanquished.

Grand Total: 159 creatures vanquished

Notes
Turn   | Place    | Note
-------+----------+-------------------------------------------
     0 | D:1      | dohliylev the Vampire Enchanter began the quest for the
                  | Orb.
     0 | D:1      | Reached XP level 1. HP: 13/13 MP: 3/3
   209 | D:1      | Reached XP level 2. HP: 19/19 MP: 5/5
   306 | D:1      | Reached skill level 5 in Hexes
   421 | D:1      | Reached skill level 5 in Stealth
   421 | D:1      | Reached XP level 3. HP: 24/24 MP: 6/6
   966 | D:2      | Noticed Natasha
   996 | D:1      | Learned a level 2 spell: Ensorcelled Hibernation
  1103 | D:2      | Reached XP level 4. HP: 31/31 MP: 0/7
  1107 | D:2      | Learned a level 3 spell: Confusing Touch
  1267 | D:3      | Reached skill level 6 in Stealth
  1635 | D:2      | You fall into a shaft and drop 2 floors!
  1639 | D:4      | Reached XP level 5. HP: 28/28 MP: 8/8
  1699 | D:4      | Found an iron altar of Okawaru.
  1761 | D:4      | Noticed an ogre
  1771 | D:4      | Killed an ogre
  1772 | D:4      | Reached skill level 8 in Stealth
  1799 | D:3      | Found a broken altar of Ashenzari.
  1870 | D:3      | Found a faded altar of an unknown god.
  1922 | D:2      | Killed Natasha
  2052 | D:2      | Found an opulent altar of Gozag.
  2142 | D:2      | Reached XP level 6. HP: 33/33 MP: 9/9
  2167 | D:2      | Reached skill level 9 in Stealth
  2187 | D:2      | Noticed Robin
  2241 | D:2      | Killed Robin
  2333 | D:2      | Noticed Natasha
  2529 | D:2      | Killed Natasha
  2533 | D:2      | Noticed Natasha
  2752 | D:2      | Killed Natasha
  2841 | D:3      | Found a runed translucent gate.
  2841 | D:3      | Found a runed translucent gate.
  3489 | D:3      | Reached skill level 10 in Stealth
  3924 | D:3      | Found a runed translucent gate.
  3936 | D:3      | Noticed Raspi's ghost (amateur PaFi)
  4057 | D:3      | Reached XP level 7. HP: 19/37 MP: 4/10
  4653 | D:3      | Reached skill level 11 in Stealth
  4716 | D:3      | Killed Raspi's ghost
  4858 | D:4      | Reached skill level 12 in Stealth
  5051 | D:4      | Found a sparkling altar of Nemelex Xobeh.
  5055 | D:4      | Became a worshipper of Nemelex Xobeh the Trickster
  5126 | D:5      | Entered Level 5 of the Dungeon
  5159 | D:5      | Reached skill level 13 in Stealth
  5172 | D:5      | Reached XP level 8. HP: 42/42 MP: 11/11
  5183 | D:5      | Found a shimmering altar of Xom.
  5255 | D:5      | Slain by an ice beast

Illustrated notes

Levels and vault maps discovered:
D:1:      wheals_arrival_shading, layout_loops_corners
D:2:      layout_rooms, nicolae_gozag_seed_capital, serial_curves,
          eino_curves_02, eino_curves_03, amcnicky_mini_corridor_feature,
          minmay_3d_cube, uniq_robin, uniq_natasha
D:3:      layout_basic, evilmike_ruin_ashenzari,
          chequers_ecumenical_altar_simple, gammafunk_ghost_split,
          serial_bayou_lagoon_a, grunt_decor_arrowhead,
          chequers_serial_rivers_room_a, kennysheep_doodads
D:4:      layout_rooms, lemuel_crystal_altar, minmay_misc_feat_rugged,
          hangedman_decor_lopped, nemelex_dance_club_becter
D:5:      layout_rooms, xom_confusion_cloud, overflow_temple_1_default,
          minmay_temple_entry_junction, minmay_misc_feat_more_columns

Skill      XL: |  1  2  3  4  5  6  7 |
---------------+----------------------+-----
Hexes          | 5 |  5.2
Stealth        | 5 6 8 10 13 | 13.9
Short Blades   | 2 |  2.2
Fighting       | |  0.6
Dodging        | |  2.6
Spellcasting   | |  2.2
Ice Magic      | |  0.1

Action                   |  1- 3 |  4- 6 |  7- 9 || total
-------------------------+-------+-------+-------++-------
Melee: Dagger            |   107 |   257 |   104 ||   468
       Bite              |     8 |     9 |     5 ||    22
 Cast: Ensorcelled Hiber |     3 |    52 |    11 ||    66
       Corona            |       |     3 |       ||     3
       Confusing Touch   |       |     4 |     1 ||     5
 Abil: Exsanguinate      |       |     1 |       ||     1
 Stab: Sleeping          |    13 |    45 |    15 ||    73
       Confused          |       |     3 |     2 ||     5
Armor: Robe              |    33 |    60 |    21 ||   114
Dodge: Dodged            |    83 |   124 |    37 ||   244
